 Dungeon Crawl Stone Soup version 0.30-a0-613-gdd512c7efb (webtiles) character file.

Game seed: 14907071739931979575

3125 NinjaNoafa the Chopper (level 9, -3/111 HPs)
             Began as a Hill Orc Fighter on Jan 8, 2023.
             Was a Follower of Qazlal.
             Slain by a gnoll
             ... wielding a +0 halberd
             ... led by a gnoll sergeant
              (6 damage)
             ... on level 8 of the Dungeon.
             The game lasted 00:39:13 (9811 turns).

NinjaNoafa the Chopper (Hill Orc Fighter)           Turns: 9811, Time: 00:39:13

Health: -3/111     AC: 24    Str: 19    XL:     9   Next: 92%
Magic:  2/13       EV:  2    Int: 10    God:    Qazlal [*.....]
Gold:   86         SH:  7    Dex: 12    Spells: 4/14 levels left

rFire   . . .      SeeInvis .    q - +4 war axe
rCold   . . .      Faith    .    c - +0 buckler
rNeg    . . .      Spirit   .    (body armour currently unavailable)
rPois   +          Reflect  .    (helmet currently unavailable)
rElec   .          Harm     .    (cloak currently unavailable)
rCorr   .          Rampage  .    (gloves currently unavailable)
Will    +....      NoTele   +    (boots currently unavailable)
Stlth   +                        (no amulet)
HPRegen 0.38/turn                C - ring of willpower
MPRegen 0.13/turn                y - ring of wizardry

@: tree-form
A: stationary, stasis, torment immunity, boosted hp
a: Renounce Religion, Convert to Beogh


You were on level 8 of the Dungeon.
You worshipped Qazlal.
Qazlal was aware of your devotion.
You were a tree.
You visited 2 branches of the dungeon, and saw 9 of its levels.

You collected 366 gold pieces.
You spent 280 gold pieces at shops.

Inventory:

Hand Weapons
 q - a +4 war axe (weapon)
Missiles
 g - 3 silver boomerangs
 t - 6 boomerangs
 A - 7 poisoned darts
Armour
 c - a +0 buckler (worn)
 d - a +0 pair of gloves (melded)
 k - a +1 buckler of protection
 w - a +0 hat (melded)
 B - a +0 kite shield
 D - a +3 ring mail (melded)
Jewellery
 b - a ring of positive energy
 s - a ring of flight
 y - a ring of wizardry (right branch)
 C - a ring of willpower (left branch)
 E - a ring of protection from fire
 G - a ring of fire
Scrolls
 a - a scroll of fear {unknown}
 j - a scroll of teleportation
 n - 2 scrolls of amnesia
 u - 2 scrolls of blinking {unknown}
 v - a scroll of fog {unknown}
 F - a scroll of vulnerability {unknown}
Potions
 h - a potion of invisibility
 i - 2 potions of magic
 l - a potion of cancellation {unknown}
 m - 3 potions of degeneration
 r - 2 potions of flight
 x - a potion of haste
 z - a potion of mutation {unknown}


   Skills:
 - Level 5.3 Fighting
 - Level 6.0 Axes
 - Level 5.1 Armour
 - Level 4.7 Dodging
 - Level 5.0 Shields
 - Level 3.0 Spellcasting
 - Level 5.0 Conjurations
 + Level 5.5 Translocations
 - Level 1.9 Invocations


You had 4 spell levels left.
You knew the following spells:

 Your Spells              Type           Power      Damage    Failure   Level
a - Blink                 Tloc           24%        N/A       2%          2
b - Momentum Strike       Conj/Tloc      24%        3d8       2%          2
c - Searing Ray           Conj           22%        2d5       2%          2
d - Lesser Beckoning      Tloc           24%        N/A       4%          3
e - Magic Dart            Conj           44%        1d5       1%          1

Your spell library contained the following spells:

 Spells                   Type           Power      Damage    Failure   Level
 Kiss of Death            Conj/Necr      24%        2d7       5%          1
 Necrotise                Necr           4%         1d4       14%         1
 Portal Projectile        Hex/Tloc       14%        N/A       14%         3
 Kindle Blastsparks       Fire/Tloc/Air  10%        2d10      21%         3
 Call Canine Familiar     Summ           1%         N/A       38%         3
 Confusing Touch          Hex            1%         N/A       38%         3
 Ignite Poison            Fire/Tmut/Pois 1%         N/A       38%         3
 Vampiric Draining        Necr           1%         2d6       38%         3
 Fulminant Prism          Conj/Hex       3%         3d5       43%         4
 Dispel Undead            Necr           1%         3d6       77%         4
 Leda's Liquefaction      Hex/Erth       0%         N/A       77%         4
 Freezing Cloud           Conj/Ice/Air   2%         6-21      87%         5
 Agony                    Necr           1%         N/A       98%         5
 Lee's Rapid Deconstruct  Erth           0%         3d4*      98%         5
 Statue Form              Tmut/Erth      0%         N/A       100%        6


Dungeon Overview and Level Annotations

Branches:
Dungeon (8/15)             Temple (1/1) D:7
   Lair: D:8-11

Altars:
Ashenzari
Cheibriados
Dithmenos
Elyvilon
Fedhas
Gozag
Hepliaklqana
Kikubaaqudgha
Makhleb
Nemelex Xobeh
Okawaru
Qazlal
Ru
Sif Muna
Trog
Uskayaw
Vehumet
Yredelemnul
The Shining One

Shops:
D:1 !   D:3 ?   D:5 *


Message History

* * * LOW HITPOINT WARNING * * *
The gnoll hits you with a +0 flail.
* * * LOW HITPOINT WARNING * * *
The gnoll hits you but does no damage.
The gnoll hits you from afar with a +0 halberd.
* * * LOW HITPOINT WARNING * * *
The orc priest completely misses you.
You feel better.
The gnoll hits you from afar with a +0 halberd.
* * * LOW HITPOINT WARNING * * *
The orc hits you but does no damage.
The gnoll sergeant hits you from afar with a +0 trident.
* * * LOW HITPOINT WARNING * * *
You block the gnoll's attack. The gnoll hits you with a +0 club.
* * * LOW HITPOINT WARNING * * *
The gnoll hits you but does no damage.
The orc priest hits you but does no damage.
Casting: Searing Ray (safe; 2% risk of failure)
Confirm with . or Enter, or press ? or * to list all spells.
Aiming: Searing Ray (safe; 2% risk of failure)
Press: ? - help, Shift-Dir - straight line, f - orc
Aim: an orc, wielding a +0 hand axe and quivering boomerangs (moderately wounded, 76% to hit)
Okay, then.
Okay, then.
Okay, then.
Okay, then.
Okay, then.
Casting: Searing Ray (safe; 2% risk of failure)
Confirm with . or Enter, or press ? or * to list all spells.
Aiming: Searing Ray (safe; 2% risk of failure)
Press: ? - help, Shift-Dir - straight line, f - gnoll sergeant
Aim: a gnoll sergeant, wielding a +0 trident and wearing a +0 scale mail (heavily wounded, 82% to hit)
The searing ray hits the gnoll!
You kill the gnoll!
Qazlal accepts your kill.
The searing ray hits the gnoll sergeant.
The gnoll sergeant is severely wounded. (Press . to maintain the ray.)
The gnoll hits you from afar with a +0 halberd.
You die...

...............
..................
.....>....<.......
..................
..........$.......
................#.
........g......##
......)ogg...###
.....o)♣)g..##
.......○..###
.[......###
....###.. ... ##.
.. .. # .. #...
... #... ###...


You could see a gnoll sergeant, an orc priest, 3 gnolls and an orc.

Vanquished Creatures
  A wyvern (D:7)
  A water moccasin (D:7)
  3 black bears
  3 orc warriors
  An ice beast (D:6)
  2 centaurs (D:7)
  A phantom (D:6)
  A bullfrog (D:6)
  2 necrophages
  3 gnoll sergeants
  4 scorpions
  6 wights (D:6)
  3 howler monkeys (D:8)
  6 hounds
  5 orc priests
  A gnoll bouda (D:5)
  4 iguanas
  5 orc wizards
  Terence (D:2)
  16 gnolls
  7 adders
  A shadow imp (D:5)
  A white imp (D:7)
  An ufetubus (D:4)
  2 worms
  3 dart slugs
  16 orcs
  11 ball pythons
  6 endoplasms
  5 giant cockroaches
  10 goblins
  8 hobgoblins
  4 jackals (D:1)
  3 quokkas
  2 bats
  6 frilled lizards
  11 kobolds
  5 rats
171 creatures vanquished.

Vanquished Creatures (others)
  An angel (D:8)
  6 fungi (D:6)
7 creatures vanquished.

Grand Total: 178 creatures vanquished

Notes
Turn   | Place    | Note
-------+----------+-------------------------------------------
     0 | D:1      | NinjaNoafa the Hill Orc Fighter began the quest for the
                  | Orb.
     0 | D:1      | Reached XP level 1. HP: 19/19 MP: 1/1
    23 | D:1      | Reached skill level 3 in Axes
    23 | D:1      | Reached XP level 2. HP: 20/26 MP: 2/2
    26 | D:1      | Reached skill level 4 in Axes
   117 | D:1      | Reached XP level 3. HP: 22/31 MP: 3/3
   269 | D:1      | Found Ocasash's Distillery.
   373 | D:1      | Reached skill level 5 in Axes
   686 | D:2      | Noticed Terence
   700 | D:2      | Killed Terence
   701 | D:2      | Reached XP level 4. HP: 21/40 MP: 4/4
   867 | D:1      | Bought a potion of curing for 36 gold pieces
  1026 | D:1      | Bought 2 potions of degeneration for 24 gold pieces
  1843 | D:3      | Reached XP level 5. HP: 46/46 MP: 5/5
  2171 | D:3      | Found Atuhoc's Magic Scroll Shop.
  2179 | D:3      | Bought a scroll of identify for 22 gold pieces
  2562 | D:4      | Reached skill level 1 in Dodging
  3050 | D:5      | Entered Level 5 of the Dungeon
  3191 | D:5      | Noticed a black bear
  3204 | D:4      | Reached XP level 6. HP: 36/52 MP: 6/6
  3312 | D:5      | Reached skill level 1 in Translocations
  3418 | D:5      | Killed a black bear
  3419 | D:5      | Reached XP level 7. HP: 59/59 MP: 7/7
  3921 | D:5      | Found a stormy altar of Qazlal.
  3929 | D:5      | Became a worshipper of Qazlal Stormbringer
  4148 | D:5      | Learned a level 2 spell: Blink
  4322 | D:5      | Found Qecaaf's Assorted Antiques.
  4418 | D:3      | Bought a scroll of identify for 22 gold pieces
  4418 | D:3      | Bought a scroll of identify for 22 gold pieces
  4418 | D:3      | Bought a scroll of identify for 22 gold pieces
  4757 | D:6      | Reached skill level 1 in Conjurations
  4757 | D:6      | Reached XP level 8. HP: 44/66 MP: 5/8
  4882 | D:6      | Found a radiant altar of Vehumet.
  4924 | D:6      | Reached skill level 1 in Spellcasting
  5582 | D:6      | Learned a level 1 spell: Magic Dart
  5585 | D:6      | Learned a level 2 spell: Momentum Strike
  5588 | D:6      | Learned a level 2 spell: Searing Ray
  6198 | D:1      | Bought a potion of magic for 96 gold pieces
  6198 | D:1      | Bought a potion of curing for 36 gold pieces
  6545 | D:6      | Reached XP level 9. HP: 68/72 MP: 1/12
  6711 | D:6      | Reached skill level 1 in Invocations
  6717 | D:6      | Reached skill level 6 in Axes
  7095 | D:7      | Reached skill level 5 in Fighting
  7396 | D:7      | Found a bloodstained altar of Trog.
  7622 | D:7      | Reached skill level 5 in Armour
  7622 | D:7      | Reached skill level 5 in Shields
  7684 | D:7      | Reached * piety under Qazlal
  8091 | D:7      | Found a staircase to the Ecumenical Temple.
  8100 | Temple   | Entered the Ecumenical Temple
  9489 | D:8      | Killed an angel
  9500 | D:8      | Reached skill level 5 in Conjurations
  9500 | D:8      | Reached skill level 5 in Translocations
  9587 | D:8      | Noticed a hornet
  9712 | D:8      | Learned a level 3 spell: Lesser Beckoning
  9808 | D:8      | HP: 4/111 [orc/+0 hand axe (3)]
  9809 | D:8      | HP: 1/111 [gnoll/+0 halberd[a gnoll sergeant] (2)]
  9811 | D:8      | Slain by a gnoll

Illustrated notes

Levels and vault maps discovered:
D:1:      matt_arrival_grand_opening, layout_rooms, serial_shops,
          nicolae_shop_behind_doors, serial_curves, eino_curves_03,
          eino_curves_02, eino_curves_01
D:2:      layout_loops_cross, uniq_terence
D:3:      layout_loops_ring, serial_shops, shop
D:4:      layout_rooms, serial_corexii_hall, corexii_hall_statues_x,
          corexii_hall_statues_i
D:5:      layout_rooms, grunt_qazlal_clouds, serial_shops, kennysheep_little_box
D:6:      layout_loops_corners, mainiacjoe_overflow_chevrons
D:7:      layout_layer_cave, bloody_trog, minmay_temple_entry_glass
D:8:      layout_layer_cave, grunt_temple_overflow_order_and_chaos_1
Temple:   regret_index_temple_sphere_string

Skill      XL: |  1  2  3  4  5  6  7  8  9 |
---------------+----------------------------+-----
Axes           | 3 4 5 6 |  6.0
Fighting       | 4 5 |  5.3
Armour         | 4 5 |  5.1
Shields        | 4 5 |  5.0
Dodging        | 2 3 4 |  4.7
Translocations | 2 4 5 |  5.5
Conjurations   | 1 3 5 |  5.0
Spellcasting   | 2 3 |  3.0
Invocations    | 1 |  1.9

Action                   |  1- 3 |  4- 6 |  7- 9 || total
-------------------------+-------+-------+-------++-------
Melee: War axe           |    75 |   160 |   205 ||   440
       Unarmed           |       |    18 |     2 ||    20
Throw: Dart              |     3 |     5 |    20 ||    28
       Boomerang         |       |       |     1 ||     1
 Cast: Blink             |       |       |     6 ||     6
       Momentum Strike   |       |       |    30 ||    30
       Magic Dart        |       |       |    35 ||    35
       Searing Ray       |       |       |    21 ||    21
  Use: Potion            |     1 |     1 |     9 ||    11
       Scroll            |       |     4 |     7 ||    11
 Stab: Sleeping          |       |       |     1 ||     1
Armor: Scale mail        |    41 |       |       ||    41
       Leather armour    |     2 |    48 |    37 ||    87
       Skin              |       |    44 |    31 ||    75
       Ring mail         |       |       |    27 ||    27
Dodge: Dodged            |    54 |    92 |   211 ||   357
Block: Buckler           |    23 |    68 |    94 ||   185

Table legend: (Time is in decaauts)
 A = Elapsed time spent in this place.
 B = Non-inter-level travel time spent in this place.
 C = Inter-level travel time spent in this place.
 D = Time resting spent in this place.
 E = Time spent auto-exploring this place.
 F = Levels seen in this place.
 G = Mean time per level.
                   A        B        C        D        E       F      G
               +--------+--------+--------+--------+--------+-----+--------+
         Total |   9947 |   8831 |   1116 |    401 |   6730 |   9 | 1105.2 |
       Dungeon |   9787 |   8679 |   1108 |    401 |   6592 |   8 | 1223.4 |
        Temple |    159 |    151 |      8 |      0 |    138 |   1 |  159.0 |
               +--------+--------+--------+--------+--------+-----+--------+

Top non-repeatable levels by time:
     D:6: 2123 daAuts
     D:7: 2088 daAuts
     D:5: 1514 daAuts
     D:4: 1124 daAuts
     D:2: 870 daAuts
     D:3: 860 daAuts
     D:1: 804 daAuts
     D:8: 403 daAuts
  Temple: 159 daAuts
